 Dungeon Crawl Stone Soup version 0.30-a0-626-gd6a5dd7a1f (webtiles) character file.

Game seed: 4070677574827683117

34 BaabKaare the Insei (level 3, -2/26 HPs)
             Began as a Human Transmuter on Jan 10, 2023.
             Was an Initiate of Wu Jian.
             Killed from afar by an orc wizard (6 damage)
             ... with a puff of flame
             ... on level 3 of the Dungeon.
             The game lasted 00:07:13 (1559 turns).

BaabKaare the Insei (Human Transmuter)              Turns: 1559, Time: 00:07:14

Health: -2/26      AC:  3    Str: 12    XL:     3   Next: 50%
Magic:  0/6        EV: 12    Int: 13    God:    Wu Jian [......]
Gold:   28         SH:  0    Dex: 13    Spells: 2/6 levels left

rFire   . . .      SeeInvis .      - Unarmed
rCold   . . .      Faith    .    (no shield)
rNeg    . . .      Spirit   .    a - +0 robe
rPois   .          Reflect  .    (helmet currently unavailable)
rElec   .          Harm     .    k - +0 cloak
rCorr   .          Rampage  .    (no gloves)
Will    .....                    (boots currently unavailable)
Stlth   +                        (no amulet)
HPRegen 0.24/turn                (no ring)
MPRegen 0.10/turn                (no ring)

@: appendages, wereblooded, attractive, very slightly contaminated, hasted, very
quick
A: horns 2, talons 2
a: End Transformation, Renounce Religion


You were on level 3 of the Dungeon.
You worshipped Wu Jian.
Wu Jian was noncommittal.
You had temporarily grown beastly horns and talons.
You visited 1 branch of the dungeon, and saw 3 of its levels.

You collected 28 gold pieces.

Inventory:

Armour
 a - a +0 robe (worn)
 k - a +0 cloak (worn)
Scrolls
 d - a scroll of magic mapping {unknown}
 e - a scroll of teleportation {unknown}
 g - a scroll of fear {unknown}
 h - a scroll of immolation {unknown}
 j - a scroll of identify {unknown}
 l - a scroll of blinking {unknown}
Potions
 b - a potion of lignification


   Skills:
 + Level 1.0 Fighting
 + Level 2.3 Dodging
 + Level 3.5 Unarmed Combat
 + Level 2.3 Spellcasting
 + Level 0.3 Translocations
 + Level 2.3 Transmutations


You had 2 spell levels left.
You knew the following spells:

 Your Spells              Type           Power      Damage    Failure   Level
a - Beastly Appendage     Tmut           14%        N/A       10%         1
b - Wereblood             Tmut           7%         N/A       14%         2
c - Apportation           Tloc           4%         N/A       22%         1

Your spell library contained the following spells:

 Spells                   Type           Power      Damage    Failure   Level
 Foxfire                  Conj/Fire      4%         2x1d4     24%         1
 Cigotuvi's Dreadful Rot  Necr/Pois/Air  2%         N/A       36%         2
 Spider Form              Tmut/Pois      4%         N/A       41%         3
 Ice Form                 Ice/Tmut       4%         N/A       83%         4
 Dispel Undead            Necr           1%         3d6       94%         4
 Alistair's Intoxication  Tmut/Pois      2%         N/A       99%         5
 Fireball                 Conj/Fire      0%         3d3       100%        5
 Death Channel            Necr           0%         N/A       100%        6
 Starburst                Conj/Fire      0%         6d3       100%        6


Dungeon Overview and Level Annotations

Branches:
Dungeon (3/15)

Altars:
Wu Jian

Shops:
D:1 (


Innate Abilities, Weirdness & Mutations

You have temporarily grown beastly horns and talons.


Message History

The orc barely misses you.
The orc wizard points at you and mumbles some strange words.
The magic dart hits you.
* * * LOW HITPOINT WARNING * * *
The orc wizard attacks as you move away!
The orc wizard hits you with a +0 dagger.
* * * LOW HITPOINT WARNING * * *
It was a potion of attraction.
You feel attractive to monsters. The orc barely misses you.
The orc wizard is attracted toward you.
It was a potion of haste.
You feel yourself speed up.
The orc wizard points at you and mumbles some strange words.
You resist with significant effort.
It was a potion of curing.
You feel better.
Casting: Beastly Appendage (safe; 10% risk of failure)
Confirm with . or Enter, or press ? or * to list all spells.
You miscast Wereblood.
You are very lightly contaminated with residual magic.
Nothing appears to happen.
The orc hits you with a +0 hand axe.
Casting: Wereblood (safe; 14% risk of failure)
Confirm with . or Enter, or press ? or * to list all spells.
Your blood is freshly infused with primal strength!
The orc hits you but does no damage.
Casting: Wereblood (safe; 14% risk of failure)
Confirm with . or Enter, or press ? or * to list all spells.
You grow a pair of large bovine horns.
Your feet morph into talons.
You hit the orc but do no damage. You claw the orc.
The orc is lightly wounded.
The orc hits you with a +0 hand axe.
* * * LOW HITPOINT WARNING * * *
The orc wizard hits you with a +0 dagger.
* * * LOW HITPOINT WARNING * * *
You hit the orc. You claw the orc.
The orc is almost dead.
You closely miss the orc. You headbutt the orc.
You feel a bit better.
You kill the orc!
The Council accepts your kill.
The orc wizard points at you and mumbles some strange words.
The puff of flame hits you.
You die...

###...... #....#
###.<# #....#
##########.##.#
..............#
.#.......##.....
#.oo)..........
.#.#..#@#####.....
..<...#...###.....
#.#...#)....# ...
...#.#.##..# .
#...#.#.# ..# #..
# #.# .... .. #..
.#.# #... ##...
..### ##


You could see an orc wizard and an orc.

Vanquished Creatures
  3 orcs (D:3)
  4 endoplasms
  2 giant cockroaches (D:1)
  3 goblins
  2 hobgoblins
  3 kobolds
  4 quokkas
  2 bats
  6 frilled lizards (D:1)
29 creatures vanquished.

Vanquished Creatures (others)
  3 plants (D:1)
3 creatures vanquished.

Grand Total: 32 creatures vanquished

Notes
Turn   | Place    | Note
-------+----------+-------------------------------------------
     0 | D:1      | BaabKaare the Human Transmuter began the quest for the Orb.
     0 | D:1      | Reached XP level 1. HP: 15/15 MP: 3/3
   233 | D:1      | Reached XP level 2. HP: 21/21 MP: 3/5
   256 | D:1      | Found Vywophox's Weapon Shop.
   358 | D:1      | Learned a level 2 spell: Wereblood
   394 | D:1      | Learned a level 1 spell: Apportation
   758 | D:1      | Reached XP level 3. HP: 26/26 MP: 4/6
  1448 | D:2      | Found an ornate altar of the Wu Jian Council.
  1457 | D:2      | Became a worshipper of the Wu Jian Council
  1557 | D:3      | HP: 1/26 [orc wizard/+0 dagger (4)]
  1559 | D:3      | Killed from afar by an orc wizard

Illustrated notes

Levels and vault maps discovered:
D:1:      dpeg_arrival_simpleton_a, layout_basic, serial_shops, shop,
          minmay_lizard_king
D:2:      layout_loops_ring, ebering_ecumenical_altar_hall, basic_altar,
          minmay_unequal
D:3:      cheibrodos_fertilizer, layout_basic, grunt_temple_overflow_cloverleaf

Action                   || total
-------------------------++-------
Melee: Unarmed           ||    78
       Kick              ||    16
       Headbutt          ||     8
       Punch             ||     1
 Cast: Beastly Appendage ||    15
       Apportation       ||     4
       Wereblood         ||     5
Invok: Lunge             ||     1
  Use: Potion            ||     3
 Stab: Distracted        ||     1
Armor: Robe              ||    16
Dodge: Dodged            ||    64

Table legend: (Time is in decaauts)
 A = Elapsed time spent in this place.
 B = Non-inter-level travel time spent in this place.
 C = Inter-level travel time spent in this place.
 D = Time resting spent in this place.
 E = Time spent auto-exploring this place.
 F = Levels seen in this place.
 G = Mean time per level.
                   A        B        C        D        E       F      G
               +--------+--------+--------+--------+--------+-----+--------+
         Total |   1553 |   1529 |     24 |    454 |    602 |   3 |  517.7 |
       Dungeon |   1553 |   1529 |     24 |    454 |    602 |   3 |  517.7 |
               +--------+--------+--------+--------+--------+-----+--------+

Top non-repeatable levels by time:
     D:1: 1176 daAuts
     D:2: 339 daAuts
     D:3: 36 daAuts
